 Dungeon Crawl Stone Soup version 0.19.1 (webtiles) character file.

71297 CanadianGator the Tortoise (level 14, -5/112 HPs)
             Began as a Minotaur Monk on Dec 7, 2016.
             Was the Champion of the Shining One.
             Killed from afar by a shock serpent (21 damage)
             ... with a bolt of electricity
             ... on level 3 of the Snake Pit.
             The game lasted 00:58:17 (17832 turns).

CanadianGator the Tortoise (Minotaur Monk)         Turns: 17832, Time: 00:58:18

Health: -5/112     AC: 18    Str: 24    XL:     14   Next: 97%
Magic:  26/26      EV: 23    Int:  9    God:    the Shining One [******]
Gold:   110        SH: 13    Dex: 18    Spells: 0 memorised, 13 levels left

rFire  + . .     SeeInvis +     R - +4 war axe of Rotation {speed, Dex+3}
rCold  + . .     Gourm    .     t - +5 ring mail of the Armadillo {Str+2 SInv}
rNeg   + + +     Faith    +     e - +1 shield {rC+}
rPois  +         Spirit   .     (helmet restricted)
rElec  .         Reflect  .     f - +0 cloak {rPois}
rCorr  .         Harm     .     v - +0 pair of gloves {Dex+3}
MR     +....                    (no boots)
Stlth  +.........               z - amulet of faith
                                g - ring of magical power
                                o - +3 ring of evasion

@: glowing
A: retaliatory headbutt, horns 2, talons 1, repulsion field 1, slimy green
scales 1, blurry vision 1, clever 1, fire resistance 1, frail 1, low mp 1,
poison resistance
a: Divine Shield, Cleansing Flame, Summon Divine Warrior, Brand Weapon With Holy
Wrath, Renounce Religion


You were on level 3 of the Snake Pit.
You worshipped the Shining One.
The Shining One was exalted by your worship.
You were near starving.

You visited 4 branches of the dungeon, and saw 20 of its levels.
You also visited: Ice Cave.

You collected 1756 gold pieces.
You spent 1646 gold pieces at shops.

Inventory:

Hand Weapons
 d - a +2 battleaxe of flaming
 m - a +3 trident
 x - a +3 halberd
 F - a +5 mace of crushing
 J - a +0 eveningstar of protection
 R - the +4 war axe of Rotation (weapon) {speed, Dex+3}
   (You found it on level 13 of the Dungeon)

   Attacks with this weapon are significantly faster.
   It affects your dexterity (+3).
Armour
 e - a +1 shield of cold resistance (worn)
 f - a +0 cloak of poison resistance (worn)
 t - the +5 ring mail of the Armadillo (worn) {Str+2 SInv}
   (You found it on level 4 of the Dungeon)

   It affects your strength (+2).
   It lets you see invisible.
 v - a +0 pair of gloves of dexterity (worn)
 w - a +1 pair of gloves
 I - +0 ice dragon scales
Jewellery
 g - a ring of magical power (right hand)
 l - an uncursed amulet of rage {unknown}
 o - a +3 ring of evasion (left hand)
 z - an amulet of faith (around neck)
 K - an uncursed ring of fire
Wands
 h - a wand of iceblast (2/15)
 i - a wand of lightning (9/15)
 n - a wand of paralysis (10/24)
 p - a wand of disintegration (16/24)
 r - a wand of flame (16/48)
 B - a wand of flame (19/48)
 M - a wand of iceblast (10/15)
 T - a wand of iceblast (11/15)
Scrolls
 a - a scroll of teleportation
 u - 2 scrolls of immolation
 y - a scroll of identify
 A - 4 scrolls of remove curse
 D - 3 scrolls of recharging
 E - 2 scrolls of enchant weapon
 H - a scroll of blinking
 O - 4 scrolls of enchant armour
 P - a scroll of vulnerability
Potions
 b - a potion of resistance
 q - 3 potions of brilliance
 C - a potion of magic {unknown}
 G - 4 potions of flight
Comestibles
 c - 11 bread rations
 j - 25 fruits
 k - a meat ration
 L - a beef jerky


   Skills:
 + Level 11.7 Fighting
 + Level 11.3(14.4) Axes
 + Level 11.6(13.4) Maces & Flails
 + Level 10.3(12.3) Polearms
 * Level 15.4 Armour
 + Level 10.7 Dodging
 - Level 1.5 Stealth
 + Level 7.2 Shields
 + Level 8.3 Invocations
 + Level 3.6 Evocations


You had 13 spell levels left.
You didn't know any spells.

Dungeon Overview and Level Annotations

Branches:
Dungeon (13/15)            Temple (1/1) D:6            Lair (3/6) D:8
 Shoals (0/4) Lair:2        Snake (3/4) Lair:3          Orc (0/2) D:10
 Vaults (0/5) D:13

Altars:
Ashenzari
Cheibriados
Dithmenos
Elyvilon
Fedhas
Gozag
Hepliaklqana
Kikubaaqudgha
Makhleb
Nemelex Xobeh
Okawaru
Qazlal
Ru
Sif Muna
Trog
Uskayaw
Vehumet
Xom
Yredelemnul
Zin
The Shining One
Beogh

Shops:
D:6 [   D:7 [   D:9 *   Snake:2 ?


Innate Abilities, Weirdness & Mutations

You reflexively headbutt those who attack you in melee.
You have a pair of horns on your head.
You have sharp toenails.
You are surrounded by a mild repulsion field. (EV +2)
You are partially covered in slimy green scales. (AC +2)
Scrolls take you a little longer to read.
Your mind is acute. (Int +2)
Your flesh is heat resistant. (rF+)
You are frail. (-10% HP)
Your magical capacity is low. (-10% MP)
Your system is resistant to poisons. (rPois)


Message History

You slash the black mamba!
The shock serpent completely misses you.
The black mamba closely misses you. You furiously retaliate!
You headbutt the black mamba, but do no damage.
You slice the shock serpent!!
You claw the shock serpent, but do no damage.
The shock serpent is almost dead.
You slash the black mamba!
The shock serpent's electric aura discharges, shocking you!
* * * LOW HITPOINT WARNING * * *
You are near starving!
The shock serpent completely misses you.
You furiously retaliate!
You headbutt the shock serpent. The black mamba barely misses you.
You furiously retaliate!
You headbutt the black mamba.
You feel better. You block the shock serpent's attack.
You block the black mamba's attack.
The shock serpent shoots out a bolt of lightning at you!
The bolt of electricity hits you!
You die...

###...........## ##
..............##### #
.........^........##
....................
#
###.....##.........#
##
#.....####........##.
#.....# ###........
#....## #.........
#...@# #.......#
#..SS# ##....<##
......... ##...##
.........# #...
.........# +...
#######..# #... #..#
#... #... #... #...


You could see a shock serpent and a black mamba.

Vanquished Creatures
  Gastronok (Lair:1)
  Kirke (D:12)
  Azrael (D:13)
  3 vault guards (D:13)
  2 ice dragons (IceCv)
  4 hydras
  3 naga warriors (Snake:1)
  3 centaur warriors (D:13)
  4 anacondas
  2 shock serpents
  5 naga sharpshooters
  2 naga ritualists (Snake:1)
  3 unseen horrors
  A salamander mystic (Snake:2)
  6 hill giants
  Pikel (D:9)
  A manticore (D:12)
  5 ugly things
  A deep elf mage (D:12)
  5 mana vipers
  5 salamanders
  3 slime creatures (D:13)
  2 ice statues (IceCv)
  3 cyclopes
  25 black mambas
  The ghost of CanadianGator the Bolt Thrower, a novice KoHu of Uskayaw (D:6)
  8 naga magi
  3 gargoyles
  5 spiny frogs
  2 rime drakes (IceCv)
  2 ice devils (Lair:1)
  2 komodo dragons
  4 trolls
  2 two-headed ogres
  5 blink frogs (Lair:3)
  5 hippogriffs
  A slime creature (shapeshifter) (D:13)
  Sigmund (D:4)
  2 wyverns
  6 yaks
  A hill giant zombie (D:10)
  3 hogs (D:12)
  A basilisk (D:13)
  5 hungry ghosts
  2 mottled dragons
  Edmund (D:4)
  18 nagas
  2 hell hounds (D:13)
  2 porcupines
  5 water moccasins
  5 orc warriors
  2 black bears
  19 ice beasts
  2 sky beasts
  An eye of draining (D:13)
  2 phantoms
  2 necrophages (D:9)
  9 ogres
  8 wolves
  19 centaurs
  3 big kobolds
  3 crocodiles
  6 bullfrogs
  2 wyvern zombies
  A wyvern skeleton (D:13)
  A troll zombie (D:10)
  4 scorpions
  17 killer bees
  3 wights (D:9)
  5 howler monkeys
  8 crimson imps
  A bullfrog zombie (D:11)
  A quasit (D:11)
  2 jellies
  2 centaur skeletons
  5 hounds
  4 bullfrog skeletons
  7 orc priests
  Jessica (D:3)
  6 orc wizards
  Crazy Yiuf (D:2)
  2 iguanas
  5 worker ants
  Ijyb (D:3)
  4 ogre zombies (D:10)
  A hound zombie (D:9)
  2 hound skeletons
  2 worker ant zombies
  6 gnolls
  A howler monkey skeleton (D:8)
  14 adders
  4 shadow imps
  An adder zombie (D:7)
  2 adder skeletons
  6 worms
  6 leopard geckos
  50 orcs
  4 bats
  6 giant cockroaches
  15 goblins
  22 hobgoblins
  10 jackals
  15 kobolds
  3 quokkas
  2 ball pythons
  A frilled lizard (D:2)
  3 goblin skeletons (D:10)
  3 goblin zombies (D:10)
  A hobgoblin zombie (D:10)
  A leopard gecko skeleton (D:6)
  A leopard gecko zombie (D:6)
  4 orc skeletons (D:10)
  8 orc zombies (D:10)
  7 rats
  A plant (Lair:1)
547 creatures vanquished.

Vanquished Creatures (collateral kills)
  A vault guard (D:13)
  An ugly thing (D:13)
  A cyclops (D:13)
  A fire elemental (D:13)
  A steam dragon (D:13)
  2 hell hounds (D:13)
7 creatures vanquished.

Vanquished Creatures (others)
  2 humans (D:12)
  2 slaves (D:9)
  A centaur (D:13)
  A big kobold (D:12)
  A crimson imp (D:12)
  2 kobolds (D:12)
9 creatures vanquished.

Grand Total: 563 creatures vanquished

Notes
Turn   | Place    | Note
-------+----------+-------------------------------------------
     0 | D:1      | CanadianGator the Minotaur Monk began the quest for the Orb.
     0 | D:1      | Reached XP level 1. HP: 19/19 MP: 0/0
   152 | D:1      | Reached skill level 1 in Armour
   156 | D:1      | Reached XP level 2. HP: 20/27 MP: 1/1
   591 | D:1      | You fall through a shaft!
   637 | D:2      | Reached skill level 2 in Armour
   644 | D:2      | Reached XP level 3. HP: 31/33 MP: 2/2
   693 | D:2      | Found a hide-covered altar of Uskayaw.
   695 | D:2      | Found a glowing golden altar of the Shining One.
   708 | D:2      | Became a worshipper of the Shining One
   708 | D:2      | Reached * piety under the Shining One
   708 | D:2      | Reached ** piety under the Shining One
   833 | D:2      | Found a runed door.
  1224 | D:2      | Gained mutation: You possess an exceptional clarity of mind. [potion of beneficial mutation]
  1225 | D:2      | Noticed Crazy Yiuf
  1229 | D:2      | Killed Crazy Yiuf
  1229 | D:2      | Reached skill level 1 in Maces & Flails
  1229 | D:2      | Reached XP level 4. HP: 23/40 MP: 3/3
  1574 | D:3      | Reached skill level 3 in Armour
  1657 | D:3      | Reached XP level 5. HP: 47/47 MP: 4/4
  1745 | D:3      | Noticed Jessica
  1750 | D:3      | Killed Jessica
  1802 | D:3      | Noticed Ijyb
  1809 | D:3      | Killed Ijyb
  1832 | D:3      | Reached skill level 1 in Invocations
  2042 | D:4      | Reached skill level 4 in Armour
  2049 | D:4      | Reached XP level 6. HP: 47/53 MP: 5/5
  2110 | D:4      | Got a warped trident
  2111 | D:4      | Identified the cursed +1 trident of Edierr {venom, Str+4} (You found it on level 4 of the Dungeon)
  2140 | D:4      | Was placed under penance by the Shining One
  2209 | D:4      | Noticed Edmund
  2216 | D:4      | Fell from the grace of the Shining One
  2219 | D:4      | Killed Edmund
  2219 | D:4      | Reached skill level 5 in Fighting
  2219 | D:4      | Reached skill level 5 in Armour
  2219 | D:4      | Reached XP level 7. HP: 43/61 MP: 7/7
  2238 | D:4      | Noticed Sigmund
  2261 | D:4      | Killed Sigmund
  2261 | D:4      | Reached skill level 5 in Dodging
  2622 | D:4      | Reached skill level 5 in Axes
  2622 | D:4      | Reached skill level 6 in Armour
  2624 | D:4      | Found a shadowy altar of Dithmenos.
  2632 | D:4      | Got an ichor-stained ring mail
  2648 | D:4      | Identified the +5 ring mail of the Armadillo {Str+2 SInv} (You found it on level 4 of the Dungeon)
  2863 | D:5      | Entered Level 5 of the Dungeon
  3104 | D:5      | Reached XP level 8. HP: 70/70 MP: 8/8
  3242 | D:5      | Reached skill level 7 in Armour
  3621 | D:5      | Found a bloodstained altar of Trog.
  3622 | D:5      | Found a deep blue altar of Sif Muna.
  3788 | D:6      | Found Iniess's Antique Armour Emporium.
  3799 | D:6      | Found a staircase to the Ecumenical Temple.
  3801 | D:6      | Bought a pair of runed gloves for 283 gold pieces
  3813 | D:6      | Noticed CanadianGator's ghost (novice KoHu)
  3820 | D:6      | Reached skill level 5 in Maces & Flails
  3826 | D:6      | Killed CanadianGator's ghost
  3826 | D:6      | Reached skill level 8 in Armour
  3843 | D:6      | Reached XP level 9. HP: 62/78 MP: 9/9
  3968 | D:6      | Reached skill level 1 in Polearms
  4032 | D:6      | Found a glowing silver altar of Zin.
  4293 | Temple   | Entered the Ecumenical Temple
  4536 | D:2      | Became a worshipper of the Shining One
  4622 | D:7      | Found Darivvap's Armour Boutique.
  4731 | D:7      | Reached skill level 9 in Armour
  5038 | D:8      | Found a staircase to the Lair.
  5217 | D:8      | Identified a -3 rod of inaccuracy (12/12) (You found it on level 5 of the Dungeon)
  5511 | D:8      | Reached XP level 10. HP: 81/86 MP: 10/10
  5768 | D:8      | Noticed a gargoyle
  5781 | D:8      | Killed a gargoyle
  5781 | D:8      | Reached skill level 10 in Armour
  5785 | D:8      | Found a roughly hewn altar of Beogh.
  6458 | D:9      | Noticed Pikel
  6479 | D:9      | Killed Pikel
  6556 | D:9      | Found Duihin Uzunn's General Store.
  6565 | D:9      | Bought a potion of might for 52 gold pieces
  6565 | D:9      | Bought a scroll of enchant armour for 97 gold pieces
  6565 | D:9      | Bought a scroll of identify for 26 gold pieces
  6589 | D:9      | Gained mutation: Scrolls take you a little longer to read. [potion of mutation]
  6589 | D:9      | Gained mutation: You are partially covered in slimy green scales. (AC +2) [potion of mutation]
  6589 | D:9      | Gained mutation: Your system is resistant to poisons. (rPois) [potion of mutation]
  6848 | D:10     | Entered Level 10 of the Dungeon
  6873 | D:10     | Reached *** piety under the Shining One
  6874 | D:10     | Found a staircase to the Orcish Mines.
  6877 | D:10     | Reached skill level 5 in Polearms
  6889 | D:10     | Reached skill level 11 in Armour
  6914 | D:10     | Reached **** piety under the Shining One
  7098 | D:10     | Noticed a hill giant
  7108 | D:10     | Killed a hill giant
  7108 | D:10     | Reached XP level 11. HP: 53/95 MP: 13/13
  7156 | D:10     | Reached ***** piety under the Shining One
  7380 | D:11     | Noticed a brown ugly thing
  7392 | D:11     | Killed a brown ugly thing
  7396 | D:11     | Gained mutation: Your mind is acute. (Int +2) [mutagenic meat]
  7397 | D:11     | Lost mutation: Your system is resistant to poisons. (rPois) [mutagenic meat]
  7398 | D:11     | Gained mutation: Armour fits poorly on your strangely shaped body. [mutagenic meat]
  7399 | D:11     | Gained mutation: Your system is resistant to poisons. (rPois) [mutagenic meat]
  7443 | D:11     | Noticed a hill giant
  7447 | D:11     | Noticed a hill giant
  7451 | D:11     | Killed a hill giant
  7459 | D:11     | Killed a hill giant
  7617 | D:11     | Noticed a hill giant
  7627 | D:11     | Killed a hill giant
  7718 | D:11     | Noticed a red ugly thing
  7725 | D:11     | Killed a red ugly thing
  7863 | D:11     | Noticed a white ugly thing
  7873 | D:11     | Killed a white ugly thing
  7873 | D:11     | Reached skill level 12 in Armour
  7873 | D:11     | Reached skill level 5 in Invocations
  7877 | D:11     | Gained mutation: Your magical capacity is low. (-10% MP) [mutagenic meat]
  7878 | D:11     | Lost mutation: Armour fits poorly on your strangely shaped body. [mutagenic meat]
  7907 | D:11     | Noticed a white ugly thing
  7925 | D:11     | Killed a white ugly thing
  7929 | D:11     | Gained mutation: Your muscles are strong. (Str +2) [mutagenic meat]
  7930 | D:11     | Gained mutation: Your flesh is heat resistant. (rF+) [mutagenic meat]
  8247 | D:12     | Noticed an unseen horror
  8252 | D:12     | Noticed a four-headed hydra
  8256 | D:12     | Killed an unseen horror
  8263 | D:12     | Killed a four-headed hydra
  8276 | D:12     | Noticed Kirke
  8290 | D:12     | Reached XP level 12. HP: 35/105 MP: 13/13
  8299 | D:12     | Killed Kirke
  8864 | D:12     | Reached skill level 1 in Shields
  9119 | D:12     | Found a stormy altar of Qazlal.
  9395 | D:13     | Gained mutation: You have sharp toenails. [mutagenic meat]
  9397 | D:13     | Lost mutation: You possess an exceptional clarity of mind. [mutagenic meat]
  9399 | D:13     | Gained mutation: You are frail. (-10% HP) [mutagenic meat]
  9435 | D:13     | Noticed a centaur warrior
  9449 | D:13     | Killed a centaur warrior
  9449 | D:13     | Reached skill level 10 in Fighting
  9653 | D:13     | Lost mutation: Your muscles are strong. (Str +2) [mutagenic meat]
  9654 | D:13     | Gained mutation: You are surrounded by a mild repulsion field. (EV +2) [mutagenic meat]
  9751 | D:13     | Noticed a centaur warrior
  9764 | D:13     | Killed a centaur warrior
  9764 | D:13     | Reached skill level 13 in Armour
  9767 | D:13     | Noticed Azrael
  9781 | D:13     | Killed Azrael
 10015 | D:13     | Got a warped war axe
 10016 | D:13     | Identified the +4 war axe of Rotation {speed, Dex+3} (You found it on level 13 of the Dungeon)
 10106 | D:13     | Noticed a centaur warrior
 10126 | D:13     | Killed a centaur warrior
 10126 | D:13     | Paralysed by a centaur for 6 turns
 10169 | D:13     | Reached skill level 10 in Axes
 10169 | D:13     | Reached skill level 10 in Maces & Flails
 10180 | D:13     | Reached ****** piety under the Shining One
 10197 | D:13     | Noticed a vault guard
 10202 | D:13     | Noticed a vault guard
 10203 | D:13     | Noticed a vault guard
 10210 | D:13     | Killed a vault guard
 10210 | D:13     | Reached XP level 13. HP: 30/102 MP: 12/14
 10295 | D:13     | Found a gate to the Vaults.
 11112 | Lair:1   | Entered Level 1 of the Lair of Beasts
 11153 | Lair:1   | Found a frozen archway.
 11174 | IceCv    | Entered an ice cave
 11511 | IceCv    | Reached skill level 14 in Armour
 12011 | Lair:1   | Noticed Gastronok
 12033 | Lair:1   | Killed Gastronok
 12482 | Lair:2   | Found a staircase to the Shoals.
 12672 | Lair:2   | Reached skill level 5 in Shields
 12672 | Lair:2   | Reached skill level 1 in Evocations
 13334 | Lair:3   | Reached skill level 10 in Dodging
 13651 | Lair:3   | Found a staircase to the Snake Pit.
 13781 | Lair:3   | Reached XP level 14. HP: 111/111 MP: 16/16
 13862 | Snake:1  | Entered Level 1 of the Snake Pit
 14483 | Snake:1  | HP: 5/111 [poisoned by a black mamba]
 15494 | Snake:1  | Reached skill level 15 in Armour
 15566 | Snake:1  | Reached skill level 10 in Polearms
 16668 | Snake:2  | Found Oplodoh's Magic Scroll Emporium.
 16676 | Snake:2  | Bought a scroll of identify for 22 gold pieces
 16676 | Snake:2  | Bought a scroll of acquirement for 572 gold pieces
 16676 | Snake:2  | Bought a scroll of acquirement for 572 gold pieces
 16676 | Snake:2  | Bought a scroll of identify for 22 gold pieces
 16790 | Snake:2  | The Shining One protects you from harm!
 16793 | Snake:2  | HP: 5/111 [naga mage/bolt of poison (7)]
 17832 | Snake:3  | Killed from afar by a shock serpent

Skill      XL: |  1  2  3  4  5  6  7  8  9 10 11 12 13 14 |
---------------+-------------------------------------------+-----
Armour         | 1 2 3 4 5 6 8 9 11 12 13 14 15 | 15.4
Fighting       | 4 5 6 7 8 9 10 11 | 11.7
Axes           | 4 5 6 7 8 9 10 11 | 11.3
Maces & Flails | 1 2 3 5 6 7 8 10 11 | 11.6
Dodging        | 4 5 6 7 8 9 10 | 10.7
Invocations    | 1 2 4 5 6 7 8 |  8.3
Polearms       | 3 5 6 8 9 10 | 10.3
Shields        | 3 5 7 |  7.2
Evocations     | 1 3 |  3.6
Stealth        | |  1.5

Action                   |  1- 3 |  4- 6 |  7- 9 | 10-12 | 13-15 || total
-------------------------+-------+-------+-------+-------+-------++-------
Melee: Hand axe          |    42 |       |       |       |       ||    42
       Headbutt          |     8 |     9 |    49 |   149 |   168 ||   383
       Mace              |    22 |    79 |    71 |   522 |    71 ||   765
       Trident           |       |    12 |   180 |       |       ||   192
       Flail             |       |       |    51 |       |       ||    51
       Whip              |       |       |       |     2 |       ||     2
       War axe           |       |       |       |    89 |   589 ||   678
       Kick              |       |       |       |    72 |   252 ||   324
       Halberd           |       |       |       |       |    15 ||    15
Invok: Summon Divine War |       |       |       |     1 |     1 ||     2
       Cleansing Flame   |       |       |       |       |     1 ||     1
Evoke: Wand              |       |       |       |       |    13 ||    13
  Use: Scroll            |     9 |     4 |     3 |     4 |    13 ||    33
       Potion            |     1 |       |       |    17 |     5 ||    23
 Stab: Sleeping          |     1 |       |     2 |       |       ||     3
  Eat: Chunk             |       |     4 |     5 |    23 |     2 ||    34
       Royal jelly       |       |       |     1 |     1 |       ||     2
       Beef jerky        |       |       |     2 |     1 |       ||     3
       Fruit             |       |       |     1 |     4 |       ||     5
       Meat ration       |       |       |     1 |       |     4 ||     5
       Pizza             |       |       |       |     1 |     1 ||     2
Armor: Plate armour      |    21 |    54 |    24 |       |       ||    99
       Robe              |     1 |       |       |       |       ||     1
       Ring mail         |       |       |    78 |   202 |   114 ||   394
Dodge: Dodged            |    31 |    37 |   250 |   518 |   357 ||  1193
Block: Shield            |       |       |       |    83 |   276 ||   359
